 Dungeon Crawl Stone Soup version 0.30-a0-948-g4fa250aae5 (webtiles) character file.

Game seed: 17400815814957749762

51 mandarbmax the Shield-Bearer (level 3, 0/16 (20) HPs)
             Began as a Vine Stalker Fighter on Mar 26, 2023.
             Killed from afar by an orc wizard (8 damage)
             ... with a puff of flame
             ... on level 2 of the Dungeon.
             The game lasted 00:05:38 (1742 turns).

mandarbmax the Shield-Bearer (Vine Stalker Fighter) Turns: 1742, Time: 00:05:40

HP:   0/16 (20)     AC:  7    Str: 18    XL:     3   Next: 81%
MP:   0/4           EV:  9    Int:  8    God:
Gold: 99            SH:  5    Dex: 15    Spells: 2/2 levels left

rFire   . . .      SeeInvis .    a - +0 rapier
rCold   . . .      Faith    .    c - +0 buckler
rNeg    . . .      Spirit   +    b - +0 scale mail
rPois   .          Reflect  .    (no helmet)
rElec   .          Rampage  .    k - +0 cloak
rCorr   .                        (no gloves)
Will    .....                    (no boots) Stlth
                                 (no amulet)
HPRegen 0.22/turn                (no ring)
MPRegen 0.09/turn                (no ring)

@: heavily drained
A: fangs 2, magic shield, antimagic bite, no potion heal 2
a: no special abilities


You were on level 2 of the Dungeon.
You visited 1 branch of the dungeon, and saw 3 of its levels.

You collected 126 gold pieces.
You spent 27 gold pieces at shops.

Inventory:

Hand Weapons
 a - a +0 rapier (weapon)
Armour
 b - a +0 scale mail (worn)
 c - a +0 buckler (worn)
 k - a +0 cloak (worn)
Scrolls
 e - 2 scrolls of identify {unknown}
 f - a scroll of noise {unknown}
 i - a scroll of poison {unknown}
 m - a scroll of vulnerability {unknown}
 n - a scroll of enchant armour {unknown}
Potions
 d - a potion of might
 g - 2 potions of curing {unknown}
 h - a potion of ambrosia {unknown}
 j - 2 potions of degeneration {unknown}
 l - 2 potions of lignification {unknown}


   Skills:
 - Level 3.0 Fighting
 + Level 2.5 Short Blades
 - Level 3.0 Armour
 - Level 3.0 Shields


You had 2 spell levels left.
You didn't know any spells.
Your spell library contained the following spells:

 Spells                   Type           Power      Damage    Failure   Level
 Airstrike                Air            0%         2d(0-16)  100%        4
 Silence                  Hex/Air        0%         N/A       100%        5
 Storm Form               Tmut/Air       0%         N/A       100%        7


Dungeon Overview and Level Annotations

Branches:
Dungeon (3/15)

Altars:

Shops:
D:1 *[(=[   D:2 *


Innate Abilities, Weirdness & Mutations

You have extremely sharp teeth.
When hurt, damage is shared between your health and your magic reserves.
Your bite disrupts and absorbs the magic of your enemies.
Potions cannot restore your health.


Message History

There are monsters nearby!
You hit the orc.
The orc is heavily wounded.
The orc closely misses you.
You closely miss the orc.
The orc is heavily wounded.
The orc hits you with a +0 club.
The orc wizard hits you but does no damage.
You feel drained.
A hobgoblin comes into view.
The orc hits you with a +0 club.
The orc wizard hits you with a +1 dagger of draining.
You feel drained. The orc hits you but does no damage.
You climb upwards.
There is a stone staircase leading down here.
You hit the orc.
You kill the orc!
The orc wizard points at you and mumbles some strange words.
The magic dart hits you. The orc barely misses you.
You hit the orc wizard.
The orc wizard is moderately wounded.
You block the orc wizard's attack. The orc barely misses you.
You barely miss the orc wizard.
The orc wizard is moderately wounded.
The orc wizard closely misses you. The orc hits you with a +0 short sword.
You hit the orc wizard but do no damage.
Your bite misses the orc wizard.
The orc wizard is moderately wounded.
The orc wizard closely misses you. The orc hits you but does no damage.
You closely miss the orc wizard.
The orc wizard is moderately wounded.
You block the orc wizard's attack. The orc barely misses you.
You hit the orc wizard.
The orc wizard is heavily wounded.
The orc wizard hits you with a +1 dagger of draining.
You feel drained. The orc hits you with a +0 short sword.
The orc wizard gestures at you while chanting.
The puff of flame hits you!
Ouch! That really hurt!
You die...

##........|..#...................
##...........#...........########
##...........#...........#.......
##...........#∩......###.#.......
.............#........##.#.......
.............#........##.#.......
......####............##.#.......
......# ####............#.####..
......# ###o@.....####.####.#
......# #o.)..............#
......# #.......####.####.#
......# ##.###### #.# ### #######
#.# #.# #.# #.# #.# #.# #.# #.#
#.# #.#


You could see an orc wizard and an orc.

Vanquished Creatures
  A gnoll (D:1)
  An orc (D:2)
  4 ball pythons
  5 endoplasms
  2 giant cockroaches (D:1)
  4 goblins
  5 hobgoblins (D:1)
  2 quokkas (D:1)
  4 bats
  A frilled lizard (D:1)
  6 kobolds
  A rat (D:2)
36 creatures vanquished.

Notes
Turn   | Place    | Note
-------+----------+-------------------------------------------
     0 | D:1      | mandarbmax the Vine Stalker Fighter began the quest for the
                  | Orb.
     0 | D:1      | Reached XP level 1. HP: 11/11 MP: 2/2
   164 | D:1      | Reached XP level 2. HP: 15/16 MP: 3/3
   211 | D:1      | Found Xappi's Antique Armour Emporium.
   245 | D:1      | Found Jejacsad's Weapon Boutique.
   290 | D:1      | Found Juonk's Armour Shop.
   319 | D:1      | Found Rarun's Jewellery Emporium.
   432 | D:1      | Reached XP level 3. HP: 3/20 MP: 0/4
   668 | D:1      | Found Faib's General Store.
  1122 | D:2      | Found Agybb's Assorted Antiques.
  1146 | D:2      | Bought a scroll labelled FUWNIP WYMU for 27 gold pieces
  1325 | D:2      | Got Benaume's Parchment of Fog
  1742 | D:2      | Killed from afar by an orc wizard

Illustrated notes

Levels and vault maps discovered:
D:1:      minmay_arrival_split_and_join, layout_loops_ring, serial_shops,
          nicolae_shop_crystal, nicolae_square_shop, shop_fountains,
          shop_fountains, shop
D:2:      layout_basic, serial_shops, shop
D:3:      layout_rooms

Skill      XL: |  1  2  3 |
---------------+----------+-----
Short Blades   | 2 |  2.5
Fighting       | 3 |  3.0
Shields        | 3 |  3.0
Armour         | 3 |  3.0

Action                     || total
---------------------------++-------
  Melee: Rapier            ||   108
         Bite              ||    21
 Armour: Scale mail        ||    57
  Dodge: Dodged            ||    55
  Block: Buckler           ||    29

Table legend: (Time is in decaauts)
 A = Elapsed time spent in this place.
 B = Non-inter-level travel time spent in this place.
 C = Inter-level travel time spent in this place.
 D = Time resting spent in this place.
 E = Time spent auto-exploring this place.
 F = Levels seen in this place.
 G = Mean time per level.
                   A        B        C        D        E       F      G
               +--------+--------+--------+--------+--------+-----+--------+
         Total |   1756 |   1689 |     67 |      0 |   1417 |   3 |  585.3 |
       Dungeon |   1756 |   1689 |     67 |      0 |   1417 |   3 |  585.3 |
               +--------+--------+--------+--------+--------+-----+--------+

Top non-repeatable levels by time:
     D:1: 1079 daAuts
     D:2: 672 daAuts
     D:3: 4 daAuts
